 Dungeon Crawl Stone Soup version 0.31-a0-700-gf13585253f (webtiles) character file.

Game seed: 12083660189730164794

240641 ryw the Brawler (level 19, -11/202 HPs)
             Began as a Troll Fighter on Aug 30, 2023.
             Was the Champion of Okawaru.
             Mangled by a nagaraja
             ... wielding a +0 club
              (27 damage)
             ... on level 3 of the Snake Pit on Sept 8, 2023.
             The game lasted 01:31:28 (34202 turns).

ryw the Brawler (Troll Fighter)                    Turns: 34202, Time: 01:31:28

Health: -11/202    AC: 23    Str: 38    XL:     19   Next: 5%
Magic:  0/24       EV: 17    Int:  4    God:    Okawaru [******]
Gold:   1052       SH: 19    Dex:  9    Spells: 18/18 levels left

rFire   + .          .
                       - Unarmed
rCold   . . .        b - +5 kite shield
rNeg    . . .        h - +0 fire dragon scales "Xufi" {rF++ rC- Str+3}
rPois   +            N - +2 hat of Tartarus {Harm rC+}
rElec   .            e - +1 cloak of Starlight {*Dazzle EV+4 Stlth--}
rCorr   .            (gloves unavailable)
SInv    .            (boots unavailable)
Will    +....        r - amulet of guardian spirit Stlth
                     i - +4 ring of protection
HPRegen 1.33/turn    K - +5 ring of evasion
MPRegen 0.19/turn

%: harm (+30% outgoing, +20% incoming), guardian spirit
@: lethally poisoned (-11 -> -12), untranslocatable, slowed, very slow
A: large, unfitting armour, claws 3, regeneration 1, shaggy fur 1, tough skin 1,
antennae 1, large bone plates 1, poison resistance, heat vulnerability 1
}: 1/15 runes: barnacled
a: Renounce Religion, Heroism, Finesse, Duel


You were on level 3 of the Snake Pit.
You worshipped Okawaru.
Okawaru was exalted by your worship.
You visited 6 branches of the dungeon, and saw 31 of its levels.
You visited the Abyss 2 times.
You also visited: Bailey and Ice Cave.

You collected 3580 gold pieces.
You spent 2528 gold pieces at shops.

Inventory:

Hand Weapons
 A - a +2 hand cannon of freezing
Missiles
 O - 8 large rocks (quivered)
Armour
 a - the +2 hat of Egalitarianism {rC+ rN+ Dex+3}
   (You found it in an ice cave)

   Dex+3:     It affects your dexterity (+3).
   rC+:       It protects you from cold.
   rN+:       It protects you from negative energy.
 b - a +5 kite shield (worn)
 e - the +1 cloak of Starlight (worn) {*Dazzle EV+4 Stlth--}
   (You bought it in a shop on level 13 of the Dungeon)

   *Dazzle:   It may blind those who miss an attack against the wearer in melee
   combat.
   EV+4:      It affects your evasion (+4).
   Stlth--:   It makes you much less stealthy.
 h - the +0 fire dragon scales "Xufi" (worn) {rF++ rC- Str+3}
   (Okawaru gifted it to you on level 4 of the Abyss)

   Str+3:     It affects your strength (+3).
   rF++:      It greatly protects you from fire.
   rC-:       It makes you vulnerable to cold.
 s - the +3 hat "Wuixkey" {rCorr}
   (Okawaru gifted it to you on level 15 of the Dungeon)

   rCorr:     It protects you from acid and corrosion.
 N - the +2 hat of Tartarus (worn) {Harm rC+}
   (Okawaru gifted it to you on level 11 of the Dungeon)

   rC+:       It protects you from cold.
   Harm:      It increases damage dealt and taken.
 Q - a +5 kite shield of reflection
Jewellery
 i - a +4 ring of protection (left claw)
 q - a ring of protection from fire
 r - an amulet of guardian spirit (around neck)
 K - a +5 ring of evasion (right claw)
 S - a ring of positive energy
 U - a ring of willpower
 W - the ring of the Tempest {rPois rCorr AC+4 Int+3}
   (You bought it in a shop on level 2 of the Orcish Mines)

   [ring of protection]

   AC+4:      It affects your AC (+4).
   Int+3:     It affects your intelligence (+3).
   rPois:     It protects you from poison rCorr: It protects you from acid and
   corrosion.
 Y - an amulet of the acrobat
Wands
 c - a wand of polymorph (20)
 k - a wand of acid (4)
 w - a wand of mindburst (10)
 L - a wand of paralysis (18)
 M - a wand of iceblast (20)
Scrolls
 d - 2 scrolls of revelation
 g - a scroll of enchant weapon
 m - 3 scrolls of teleportation
 v - 7 scrolls of poison
 x - 3 scrolls of immolation
 D - 3 scrolls of fear
 E - 3 scrolls of noise
 J - a scroll of vulnerability
 P - 5 scrolls of fog
 T - 2 scrolls of silence
 V - 6 scrolls of blinking
Potions
 f - 4 potions of enlightenment
 j - a potion of invisibility
 l - 3 potions of might
 n - 3 potions of brilliance
 o - 2 potions of haste
 p - 10 potions of curing
 t - 4 potions of heal wounds
 u - 10 potions of ambrosia
 z - 6 potions of lignification
 B - 3 potions of resistance
 F - 5 potions of mutation
 G - 4 potions of magic
 H - 6 potions of attraction
 I - a potion of cancellation
Miscellaneous
 y - a box of beasts
 C - a phial of floods


   Skills:
 + Level 15.6 Fighting
 - Level 8.0 Throwing
 + Level 12.8 Armour
 - Level 3.0 Dodging
 - Level 10.0 Shields
 + Level 20.8 Unarmed Combat
 + Level 8.9 Invocations


You had 18 spell levels left.
You didn't know any spells.
Your spell library contained the following spells:

 Spells                   Type           Power      Damage    Failure   Level
 Apportation              Tloc           0%         N/A       80%         1
 Freeze                   Ice            0%         1d3       80%         1
 Magic Dart               Conj           0%         1d3       80%         1
 Necrotise                Necr           0%         1d4       80%         1
 Shock                    Conj/Air       0%         1d3       80%         1
 Cigotuvi's Dreadful Rot  Necr/Pois/Air  0%         N/A       91%         2
 Ensorcelled Hibernation  Hex/Ice        0%         N/A       91%         2
 Scorch                   Fire           0%         2d5       91%         2
 Dazzling Flash           Conj/Hex       0%         N/A       99%         3
 Ignite Poison            Fire/Tmut/Pois 0%         N/A       99%         3
 Mephitic Cloud           Conj/Pois/Air  0%         N/A       99%         3
 Stone Arrow              Conj/Erth      0%         3d7       99%         3
 Swiftness                Air            0%         N/A       99%         3
 Vampiric Draining        Necr           0%         2d6       99%         3
 Airstrike                Air            0%         2d(0-16)  100%        4
 Anguish                  Hex/Necr       0%         N/A       100%        4
 Cause Fear               Hex            0%         N/A       100%        4
 Flame Wave               Conj/Fire      0%         2d4       100%        4
 Iskenderun's Mystic Bla  Conj/Tloc      0%         2d3       100%        4
 Passage of Golubria      Tloc           0%         N/A       100%        4
 Agony                    Necr           0%         N/A       100%        5
 Borgnjor's Vile Clutch   Necr/Erth      0%         N/A       100%        5
 Freezing Cloud           Conj/Ice/Air   0%         6-21      100%        5
 Silence                  Hex/Air        0%         N/A       100%        5
 Yara's Violent Unravell  Hex/Tmut       0%         3d3       100%        5
 Enfeeble                 Hex            0%         N/A       100%        7
 Ozocubu's Refrigeration  Ice            0%         4d7       100%        7
 Lehudib's Crystal Spear  Conj/Erth      0%         10d2      100%        8
 Call Imp                 Summ           Unusable   N/A       N/A         2
 Call Canine Familiar     Summ           Unusable   N/A       N/A         3
 Tukima's Dance           Hex            Unusable   N/A       N/A         3
 Animate Armour           Summ/Erth      Unusable   N/A       N/A         4
 Animate Dead             Necr           Unusable   N/A       N/A         4
 Death Channel            Necr           Unusable   N/A       N/A         6
 Summon Cactus Giant      Summ           Unusable   N/A       N/A         6
 Haunt                    Necr/Summ      Unusable   N/A       N/A         7

Dungeon Overview and Level Annotations

Branches:
Dungeon (15/15)            Temple (1/1) D:6            Lair (5/5) D:8
 Shoals (4/4) Lair:2        Snake (4/4) Lair:3        Slime (0/5) Lair:4
    Orc (2/2) D:10            Elf (0/3) Orc:2        Vaults (0/5) D:14
 Depths (0/4) D:15         Bailey (visited)           IceCv (visited)

Altars:
Ashenzari
Cheibriados
Dithmenos
Elyvilon
Fedhas
Gozag
Hepliaklqana
Kikubaaqudgha
Makhleb
Nemelex Xobeh
Okawaru
Qazlal
Ru
Sif Muna
Trog
Uskayaw
Vehumet
Wu Jian
Xom
Yredelemnul
Zin
The Shining One
Jiyva
Lugonu

Shops:
D:2 !   D:13 *   D:15 *   Orc:2 =(??*(?   Snake:1 =:=[

Portals:
Abyss: Lair:5

Annotations:
D:11 2 transporters, thirtiethelement's ghost, journeyman DsNe


Innate Abilities, Weirdness & Mutations

You are too large for most types of armour.
You have claws for hands.
Your natural rate of healing is unusually fast.
You are covered in fur. (AC +1)
You have tough skin. (AC +1)
You have a pair of small antennae on your head.
You are partially covered in large bone plates. (SH +4)
Your system is resistant to poisons. (rPois)
You are vulnerable to heat. (rF-)


Message History

Okay, then.
Unknown command.
You feel better.
You are poisoned.
You block the guardian serpent's attack.
The nagaraja gestures at you while chanting.
You feel firmly anchored in space.
The naga sharpshooter casts a spell.
The naga sharpshooter magically shoots an arrow.
The arrow hits you!
* * * LOW HITPOINT WARNING * * *
You block the guardian serpent's attack.
The naga warrior hits you with a +0 battleaxe!!!
* * * LOW HITPOINT WARNING * * *
You block the naga warrior's attack. The naga barely misses you.
The naga misses you. The nagaraja spits poison at you.
The splash of poison misses you.
The splash of poison hits the naga sharpshooter.
The nagaraja spits poison at you.
The splash of poison hits you but does no damage.
You resist.
The naga ritualist completely misses you.
The naga ritualist misses you.
The naga sharpshooter shoots an arrow.
The arrow hits you but does no damage. The naga warrior barely misses you.
The naga warrior misses you.
The guardian serpent hits you but does no damage.
Unknown command.
Unknown command.
As you read the scroll of fear, it crumbles to dust.
You assume a fearsome visage.
The naga warrior looks frightened!
The nagaraja resists with almost no effort.
The naga sharpshooter resists with some effort.
The naga ritualist looks frightened!
The naga looks frightened!
The guardian serpent resists with some effort.
The nagaraja resists with almost no effort.
You feel sick.
* * * LOW HITPOINT WARNING * * *
The nagaraja hits you with a +0 club!!
You die...

...# ##.#......#.###...≈≈.####
....# #.##.....#.# ....≈≈.....
....# #.##....##.##....≈≈≈≈≈≈≈
....# #.#.....'..##....≈≈≈≈≈≈≈
....# #.#...[.#..##...........
...# ##.###..##..# ......... ...+
+....####...# ......... ...#
#......NN†..# .....##..
...######......N@N..## ### ##..
...............SNN...#########...
.................................
..................###............
.######.###....####.#............
.# ### ##...#....#............ ##
##..#'...#............ #
#.<.#...'............ #
#...#+###............


You could see 2 nagarajas, a naga warrior (strong, fleeing), a naga sharpshooter
(strong), a naga ritualist (strong, toxic aura, fleeing), a guardian serpent and
a naga (strong, fleeing).

Vanquished Creatures
  A profane servitor (Abyss:4)
  A bone dragon (Abyss:4)
  A tentacled monstrosity (Snake:1)
  A tentacled starspawn (Abyss:4)
  A kraken (Shoals:4)
  A thorn hunter (Snake:1)
  Aizul (Snake:1)
  Ilsuiw (Shoals:4)
  3 nagarajas
  A fire giant (D:15)
  3 frost giants
  An orc warlord (Orc:2)
  A very ugly thing (D:14)
  A starcursed mass (Abyss:4)
  A white draconian (IceCv)
  18 merfolk impalers
  A spectral kraken (Shoals:1)
  Harold (D:11)
  3 merfolk javelineers
  An ice dragon (IceCv)
  6 hydras
  A catoblepas (Lair:5)
  A rakshasa (Abyss:4)
  Erolcha (Orc:2)
  6 centaur warriors
  2 ghost crabs (Shoals:1)
  3 merfolk avatars (Shoals:4)
  4 ogre magi
  4 merfolk aquamancers
  2 salamander tyrants
  A death knight (D:15)
  8 two-headed ogres
  5 alligators
  10 anacondas
  6 boulder beetles
  4 ironbound frosthearts (IceCv)
  A tengu warrior (D:14)
  2 vault guards (D:14)
  3 alligator snapping turtles
  13 naga warriors
  3 thrashing horrors (Lair:5)
  Nergalle (Orc:2)
  6 naga sharpshooters
  A wretched star (Abyss:4)
  4 skeletal warriors (D:14)
  10 skysharks
  A sixfirhy (Abyss:4)
  2 goliath frogs (Shoals:4)
  15 sea snakes
  A salamander mystic (Snake:4)
  2 swamp dragons (Snake:1)
  An orange crystal statue (IceCv)
  A flayed ghost (Abyss:4)
  5 naga ritualists
  4 harpies (Shoals:2)
  4 orc knights
  4 wizards (D:14)
  8 deep elf pyromancers
  A necromancer (D:14)
  4 fauns
  6 orc sorcerers (Orc:2)
  3 deep elf zephyrmancers
  11 manticores
  28 ugly things
  8 mana vipers
  A shining eye (shapeshifter) (Lair:5)
  A cyclops (D:11)
  8 salamanders
  7 elephants
  A spectral alligator snapping turtle (Shoals:1)
  A worldbinder (Abyss:4)
  8 naga magi
  4 guardian serpents
  6 water nymphs
  10 merfolk sirens
  2 smoke demons (Lair:5)
  33 black mambas
  2 gargoyles
  11 cane toads
  3 unseen horrors
  Psyche (D:11)
  Maggie (D:6)
  6 komodo dragons
  24 rime drakes
  An efreet (D:15)
  A freezing wraith (D:15)
  5 spectral merfolk (Shoals:1)
  A queen bee (D:9)
  38 merfolk
  16 polar bears
  3 meliai (D:13)
  A spectral harpy (Shoals:1)
  5 trolls
  The ghost of Plaidstone the Grasshopper, an amateur AtWr of Qazlal (D:5)
  11 wind drakes
  2 tyrant leeches (Snake:1)
  35 blink frogs
  3 raiju
  A raiju (shapeshifter) (D:13)
  4 hornets
  A dream sheep (shapeshifter) (D:15)
  3 flying skulls (Abyss:4)
  A culicivora (shapeshifter) (D:14)
  9 snapping turtles
  3 slime creatures (D:14)
  Sigmund (D:5)
  6 water elementals
  5 ynoxinuls
  A spriggan (Lair:5)
  6 wyverns
  5 shadows
  A vampire (D:14)
  42 yaks
  3 hogs (D:7)
  4 wraiths
  11 basilisks
  2 chaos spawn
  20 humans
  2 steam dragons
  A neqoxec (Abyss:4)
  12 vampire mosquitoes
  2 wargs
  Menkaure (D:5)
  29 nagas
  2 swamp worms (Snake:1)
  A spectral snapping turtle (Shoals:1)
  13 water moccasins
  3 large abominations
  A water moccasin (shapeshifter) (Lair:5)
  Duvessa (D:5)
  30 orc warriors
  An ettin simulacrum (Abyss:4)
  6 ice beasts
  3 sky beasts
  2 black bears
  10 ogres
  7 wolves
  7 centaurs
  A phantom (D:5)
  Blork the orc (D:4)
  14 bullfrogs
  A kobold brigand (D:9)
  5 scorpions
  12 wights
  Dowan (D:5)
  12 small abominations
  28 killer bees
  7 electric eels
  6 howler monkeys
  4 crimson imps (D:7)
  23 orc priests
  5 gnoll boudas
  3 jellies
  6 hounds
  2 sleepcaps
  Crazy Yiuf (D:2)
  Ijyb (D:5)
  4 iguanas
  39 orc wizards
  6 hell rats (Lair:1)
  2 centaur simulacra (D:9)
  26 gnolls
  6 adders
  2 shadow imps
  5 white imps
  10 ufetubi
  3 worms
  3 dart slugs
  158 orcs
  7 bats
  11 endoplasms
  4 giant cockroaches
  14 goblins
  8 hobgoblins
  6 kobolds
  2 quokkas
  7 ball pythons
  4 frilled lizards
  2 rats
  2 starspawn tentacles (Abyss:4)
  2 tentacles (Shoals:1)
1242 creatures vanquished.

Vanquished Creatures (others)
  A merfolk (Shoals:4)
  2 orc wizards (Orc:2)
  4 orcs
  7 starspawn tentacles (Abyss:4)
  10 tentacles
24 creatures vanquished.

Grand Total: 1266 creatures vanquished

Notes
Turn   | Place    | Note
-------+----------+-------------------------------------------
     0 | D:1      | ryw the Troll Fighter began the quest for the Orb.
     0 | D:1      | Reached XP level 1. HP: 22/22 MP: 0/0
   184 | D:1      | Reached XP level 2. HP: 27/29 MP: 1/1
   583 | D:1      | Found a faded altar of an unknown god.
   845 | D:2      | Reached XP level 3. HP: 36/36 MP: 2/2
   962 | D:2      | Found Ivejiry's Distillery.
  1395 | D:2      | Reached skill level 3 in Unarmed Combat
  1503 | D:2      | Found a runed translucent door.
  1504 | D:2      | Noticed Crazy Yiuf
  1610 | D:3      | Reached XP level 4. HP: 44/44 MP: 3/3
  2144 | D:3      | Reached skill level 1 in Throwing
  2399 | D:3      | Found a broken altar of Ashenzari.
  2728 | D:4      | Reached XP level 5. HP: 43/52 MP: 1/4
  2950 | D:4      | Noticed a black bear
  2959 | D:4      | Killed a black bear
  2960 | D:4      | Reached skill level 4 in Unarmed Combat
  2960 | D:4      | Reached XP level 6. HP: 61/61 MP: 5/5
  3464 | D:4      | Noticed Blork the orc
  3473 | D:4      | Killed Blork the orc
  3474 | D:4      | Reached skill level 5 in Unarmed Combat
  3474 | D:4      | Reached XP level 7. HP: 51/67 MP: 3/6
  3620 | D:5      | Entered Level 5 of the Dungeon
  3625 | D:5      | Noticed Duvessa
  3679 | D:5      | Found a runed translucent gate.
  3686 | D:5      | Found an opulent altar of Gozag.
  3716 | D:5      | Noticed Menkaure
  3769 | D:5      | Killed Menkaure
  3902 | D:5      | Reached skill level 6 in Unarmed Combat
  3905 | D:5      | Found a runed translucent gate.
  3906 | D:5      | Found a runed translucent gate.
  3951 | D:4      | Reached XP level 8. HP: 65/78 MP: 7/7
  4018 | D:5      | Noticed Plaidstone's ghost (amateur AtWr)
  4042 | D:5      | Identified the +11 short sword of a sewer {flame, Will+
                  | Dex+3}
  4096 | D:5      | Found a runed translucent door.
  4105 | D:5      | Noticed Dowan
  4120 | D:5      | Noticed Sigmund
  4124 | D:5      | Killed Duvessa
  4132 | D:5      | Killed Dowan
  4178 | D:5      | Found a glowing golden altar of the Shining One.
  4205 | D:5      | Noticed Ijyb
  4384 | D:5      | Killed Ijyb
  4574 | D:5      | Reached skill level 5 in Shields
  4597 | D:5      | Reached skill level 7 in Unarmed Combat
  5081 | D:6      | Noticed Maggie
  5094 | D:6      | Killed Maggie
  5095 | D:6      | Reached XP level 9. HP: 87/87 MP: 6/8
  5209 | D:6      | Reached skill level 5 in Fighting
  5326 | D:6      | Reached skill level 8 in Unarmed Combat
  5437 | D:6      | Found a staircase to the Ecumenical Temple.
  5458 | Temple   | Entered the Ecumenical Temple
  5474 | Temple   | Became a worshipper of Warmaster Okawaru
  6050 | D:2      | Killed Crazy Yiuf
  6345 | D:5      | Killed Plaidstone's ghost
  6346 | D:5      | Reached skill level 1 in Invocations
  6455 | D:5      | Killed Sigmund
  6456 | D:5      | Reached skill level 5 in Throwing
  6463 | D:5      | Reached * piety under Okawaru
  6613 | D:5      | Reached skill level 9 in Unarmed Combat
  7129 | D:7      | Reached XP level 10. HP: 82/98 MP: 5/10
  7133 | D:7      | Reached ** piety under Okawaru
  7420 | D:7      | Noticed a boulder beetle
  7436 | D:7      | Killed a boulder beetle
  7436 | D:7      | Reached *** piety under Okawaru
  7437 | D:7      | Reached skill level 10 in Unarmed Combat
  7668 | D:7      | Reached **** piety under Okawaru
  7945 | D:7      | Found a shimmering altar of Xom.
  8277 | D:8      | Noticed an elephant
  8281 | D:8      | Reached XP level 11. HP: 95/107 MP: 9/13
  8303 | D:8      | Found a flagged portal.
  8309 | Bailey   | Entered a bailey
  8340 | Bailey   | Reached skill level 11 in Unarmed Combat
  8465 | Bailey   | Noticed an orc knight
  8466 | Bailey   | Noticed an orc knight
  8471 | Bailey   | Reached skill level 13 in Unarmed Combat
  8471 | Bailey   | Reached XP level 12. HP: 119/119 MP: 14/14
  8472 | Bailey   | Reached skill level 14 in Unarmed Combat
  8472 | Bailey   | Reached XP level 13. HP: 131/131 MP: 15/15
  8659 | Bailey   | Received a gift from Okawaru
  8664 | Bailey   | HP: 5/131 [orc knight/+0 trident (13)]
  9176 | D:8      | Found a staircase to the Lair.
  9939 | D:9      | Found a shimmering blue altar of Sif Muna.
  9939 | D:9      | Found a sparkling altar of Nemelex Xobeh.
  9939 | D:9      | Found a hide-covered altar of Uskayaw.
 10034 | D:9      | Reached skill level 5 in Invocations
 10107 | D:9      | Paralysed by a hornet for 2 turns
 10124 | D:9      | Reached skill level 1 in Armour
 10128 | D:9      | Reached skill level 15 in Unarmed Combat
 10296 | D:9      | Found a bloodstained altar of Trog.
 11029 | D:10     | Entered Level 10 of the Dungeon
 11226 | D:10     | Found a staircase to the Orcish Mines.
 11790 | D:11     | Gained mutation: You have a pair of small antennae on your
                  | head. [potion of mutation]
 11790 | D:11     | Gained mutation: You are partially covered in large bone
                  | plates. (SH +4) [potion of mutation]
 11790 | D:11     | Gained mutation: Your system is resistant to poisons.
                  | (rPois) [potion of mutation]
 11945 | D:11     | Noticed Psyche
 11958 | D:11     | Killed Psyche
 11958 | D:11     | Reached ***** piety under Okawaru
 12079 | D:11     | Found a transporter.
 12083 | D:11     | Noticed thirtiethelement's ghost (journeyman DsNe)
 12090 | D:11     | Noticed a fire dragon
 12098 | D:11     | Found a transporter.
 12152 | D:11     | Noticed Harold
 12162 | D:11     | Killed Harold
 12300 | D:11     | Identified the +2 hat of Tartarus {Harm rC+} (Okawaru
                  | gifted it to you on level 11 of the Dungeon)
 12300 | D:11     | Received a gift from Okawaru
 12733 | Lair:1   | Entered Level 1 of the Lair of Beasts
 12782 | Lair:1   | Reached skill level 10 in Fighting
 12951 | Lair:1   | Reached skill level 16 in Unarmed Combat
 13558 | Lair:2   | Found a staircase to the Shoals.
 13583 | Lair:2   | Reached XP level 14. HP: 87/144 MP: 10/16
 14470 | Lair:3   | Reached skill level 5 in Armour
 14502 | Lair:3   | Received a gift from Okawaru
 14524 | Lair:3   | Got the Vellum of the Friendly Deep Freeze
 14883 | Lair:3   | Found a staircase to the Snake Pit.
 15334 | Lair:4   | Found a staircase to the Slime Pits.
 15334 | Lair:4   | Found a viscous altar of Jiyva.
 15463 | Lair:4   | Found a hide-covered altar of Uskayaw.
 15465 | Lair:4   | Found an ornate altar of the Wu Jian Council.
 15865 | Lair:5   | Entered Level 5 of the Lair of Beasts
 15877 | Lair:5   | Received a gift from Okawaru
 16115 | Lair:5   | Received a gift from Okawaru
 16432 | Lair:5   | Received a gift from Okawaru
 16503 | Lair:5   | Reached skill level 17 in Unarmed Combat
 16937 | Lair:5   | Found a corrupted altar of Lugonu.
 16937 | Lair:5   | Found a one-way gate to the infinite horrors of the Abyss.
 16939 | Lair:5   | Reached ****** piety under Okawaru
 16940 | Lair:5   | Reached XP level 15. HP: 139/154 MP: 17/19
 17597 | Orc:1    | Entered Level 1 of the Orcish Mines
 17738 | Orc:2    | Entered Level 2 of the Orcish Mines
 17743 | Orc:2    | Received a gift from Okawaru
 17844 | Orc:2    | Found Uklal's Weapon Boutique.
 17883 | Orc:2    | Found a staircase to the Elven Halls.
 17902 | Orc:2    | Found Xoid's General Store.
 18286 | Orc:2    | Received a gift from Okawaru
 18543 | Orc:1    | Paralysed by an ogre mage for 3 turns
 18902 | Orc:2    | Bought a scroll of teleportation for 42 gold pieces
 18905 | Orc:2    | Found Tiosithu's Magic Scroll Emporium.
 18914 | Orc:2    | Bought a scroll of blinking for 112 gold pieces
 19188 | Orc:2    | Found Adweitz's Jewellery Shop.
 19217 | Orc:2    | Bought the ring of the Tempest {rPois rCorr AC+4 Int+3} for
                  | 827 gold pieces
 19230 | Orc:2    | Found an ancient bone altar of Kikubaaqudgha.
 19230 | Orc:2    | Noticed Nergalle
 19250 | Orc:2    | Killed Nergalle
 19373 | Orc:2    | Found Hyxavaab's Magic Scroll Boutique.
 19384 | Orc:2    | Noticed Erolcha
 19395 | Orc:2    | Killed Erolcha
 19396 | Orc:2    | Found a radiant altar of Vehumet.
 19402 | Orc:2    | Bought a scroll of blinking for 82 gold pieces
 19474 | Orc:2    | Found Lueczoh's Magic Scroll Shop.
 19565 | Orc:2    | Found Xej Xaiv's Antique Weapon Shop.
 19567 | Orc:2    | Bought a scroll of teleportation for 42 gold pieces
 19567 | Orc:2    | Bought a scroll of blinking for 105 gold pieces
 19567 | Orc:2    | Bought 2 scrolls of blinking for 210 gold pieces
 19567 | Orc:2    | Bought 3 scrolls of enchant armour for 315 gold pieces
 20131 | D:12     | Identified the +1 hat of the Raven {rF+ Int+8} (Okawaru
                  | gifted it to you on level 12 of the Dungeon)
 20131 | D:12     | Received a gift from Okawaru
 20866 | D:13     | Found a transporter.
 20868 | D:13     | Found Cuunticlei's Assorted Antiques.
 20893 | D:13     | Found a transporter.
 21277 | Abyss:3  | Cast into level 3 of the Abyss (a wizard)
 21291 | Abyss:4  | Found a corrupted altar of Lugonu.
 21298 | Abyss:4  | Found a corrupted altar of Lugonu.
 21365 | Abyss:4  | Noticed a tentacled starspawn
 21384 | D:14     | Escaped the Abyss
 21579 | D:14     | Reached skill level 18 in Unarmed Combat
 21835 | D:14     | Found a gate to the Vaults.
 21839 | Abyss:4  | Cast into level 4 of the Abyss (a wizard)
 21844 | Abyss:4  | Gained mutation: You are vulnerable to heat. (rF-) [a
                  | neqoxec]
 21850 | Abyss:4  | Reached XP level 16. HP: 167/167 MP: 21/21
 21869 | Abyss:4  | Noticed a tentacled starspawn
 21918 | Abyss:4  | Noticed a bone dragon
 21945 | Abyss:4  | Killed a bone dragon
 21951 | Abyss:4  | Identified the +0 fire dragon scales "Xufi" {rF++ rC-
                  | Str+3} (Okawaru gifted it to you on level 4 of the Abyss)
 21951 | Abyss:4  | Received a gift from Okawaru
 22058 | Abyss:4  | Noticed a profane servitor
 22074 | Abyss:4  | Killed a profane servitor
 22076 | Abyss:4  | Noticed a tentacled starspawn
 22077 | Abyss:4  | Noticed a lich
 22081 | Abyss:4  | Killed a tentacled starspawn
 22084 | D:14     | Escaped the Abyss
 22410 | D:13     | Bought the +1 cloak of Starlight {*Dazzle EV+4 Stlth--} for
                  | 793 gold pieces
 22410 | D:13     | Found the +1 cloak of Starlight {*Dazzle EV+4 Stlth--}
 22797 | Shoals:1 | Entered Level 1 of the Shoals
 22867 | Shoals:1 | Identified the +8 great sword "Lifebane" {flame, rF+ MP+9}
 23621 | Shoals:2 | Found an ornate altar of the Wu Jian Council.
 23771 | Shoals:2 | Received a gift from Okawaru
 24036 | Shoals:2 | You fall into a shaft and drop 1 floor!
 24041 | Shoals:3 | Received a gift from Okawaru
 24815 | Shoals:3 | Reached skill level 10 in Armour
 24824 | Shoals:3 | Identified the +2 robe "Ymakkiho" {rElec rC+}
 24856 | Shoals:3 | Received a gift from Okawaru
 24916 | Shoals:3 | Received a gift from Okawaru
 24917 | Shoals:3 | Reached XP level 17. HP: 165/178 MP: 20/22
 25073 | Shoals:3 | Reached skill level 19 in Unarmed Combat
 25180 | Shoals:4 | Entered Level 4 of the Shoals
 25528 | Shoals:4 | Received a gift from Okawaru
 25626 | Shoals:4 | Noticed Ilsuiw
 26197 | Shoals:4 | Got a barnacled rune of Zot
 26769 | Shoals:4 | Killed Ilsuiw
 26769 | Shoals:4 | Received a gift from Okawaru
 26898 | Shoals:4 | Noticed a kraken
 26925 | Shoals:4 | Killed a kraken
 26926 | Shoals:4 | Reached skill level 10 in Shields
 27060 | Shoals:4 | Received a gift from Okawaru
 27440 | Lair:2   | Upgraded the game from 0.31-a0-654-gbe3e110b4e to
                  | 0.31-a0-700-gf13585253f
 27950 | D:15     | Entered Level 15 of the Dungeon
 28162 | D:15     | Identified the +3 hat "Wuixkey" {rCorr} (Okawaru gifted it
                  | to you on level 15 of the Dungeon)
 28162 | D:15     | Received a gift from Okawaru
 28169 | D:15     | Found a frozen archway.
 28191 | IceCv    | Entered an ice cave
 28838 | IceCv    | Found the +3 hat of Pondering {ponderous, Will+ MP+10
                  | Int+5}
 28856 | IceCv    | Identified the +2 hat of Egalitarianism {rC+ rN+ Dex+3}
 28877 | IceCv    | Got the Spellbook of Translocation
 29022 | IceCv    | Reached XP level 18. HP: 191/191 MP: 23/23
 29547 | D:15     | Found a staircase to the Depths.
 29694 | D:15     | Reached skill level 20 in Unarmed Combat
 29832 | D:15     | Found an opulent altar of Gozag.
 29838 | D:15     | Found Gozag's Platinum Reserve.
 30408 | Snake:1  | Entered Level 1 of the Snake Pit
 30559 | Snake:1  | Received a gift from Okawaru
 31054 | Snake:1  | Noticed Aizul
 31070 | Snake:1  | Killed Aizul
 31163 | Snake:1  | Received a gift from Okawaru
 31317 | Snake:1  | Reached skill level 15 in Fighting
 31485 | Snake:1  | Noticed a tentacled monstrosity
 31498 | Snake:1  | Killed a tentacled monstrosity
 31731 | Snake:1  | Found Area's Armour Shop.
 32173 | Snake:1  | Found Achyazua's Jewellery Shop.
 32174 | Snake:1  | Found Biluevi's Book Shoppe.
 32175 | Snake:1  | Found Xof Rute's Jewellery Shop.
 33264 | Snake:3  | Received a gift from Okawaru
 33586 | Snake:3  | Received a gift from Okawaru
 33854 | Snake:4  | Entered Level 4 of the Snake Pit
 33854 | Snake:4  | Found a sacrificial altar of Ru.
 34086 | Snake:3  | Reached XP level 19. HP: 190/201 MP: 22/24
 34202 | Snake:3  | Mangled by a nagaraja

Illustrated notes

Levels and vault maps discovered:
D:1:      dpeg_arrival_court, layout_basic, ebering_ecumenical_altar_rust,
          nicolae_the_louvre
D:2:      layout_loops_ring, serial_shops, shop, uniq_crazy_yiuf_cottage
D:3:      layout_basic, overflow_temple_1_default,
          chequers_serial_rivers_micro_e
D:4:      minmay_recursive_quarters, layout_basic, uniq_blork_the_orc
D:5:      minmay_diamond_boxcup, layout_cave_pools,
          mainiacjoe_overflow_tiny_flanked, mainiacjoe_overflow_chevrons,
          biasface_ghost_orc_armoury, lightli_church_of_beogh, uniq_menkaure,
          uniq_ijyb, uniq_duvessa, uniq_sigmund
D:6:      layout_loops_corners, minmay_temple_entry_overgrown, uniq_maggie
D:7:      cheibrodos_fzero, layout_basic, led_xom_imps, grunt_livestock,
          minivault_24, nicolae_houndstooth_variations
D:8:      layout_layer_cave, david_lair_generic, enter_bailey_5, grunt_ogre_cave
D:9:      layout_roguey [special_room_orc], grunt_temple_overflow_open,
          serial_ice, serial_ice_a, serial_ice_b, serial_ice_j, serial_ice_m,
          serial_ice_n, serial_ice_e, special_room [special_room_orc],
          minivault_7
D:10:     layout_long_grid, david_orc_3
D:11:     layout_cave_pools, gammafunk_ghost_berserking_beasts,
          nicolae_fort_ynox, uniq_harold, uniq_psyche
D:12:     layout_rooms, minmay_stone_trees_small, minmay_misc_feat_four_crosses,
          nzn_sisyphean_effort
D:13:     layout_loops_corners, serial_shops, nicolae_shop_drivethru
D:14:     layout_rooms, grunt_vaults_entry_tiered, kennysheep_generic_room_10
D:15:     grunt_enter_depths_giant_problem, layout_small_grid,
          portal_ice_cave_entry_ugly_swarm, nicolae_gozag_zags_fifth_avenue
Temple:   nicolae_temple_bog_church
Lair:1:   layout_roguey, chequers_serial_rivers_small_b, st_stairs_7,
          minivault_23, serial_bayou_pond_c, infiniplex_staircase_pool_2
Lair:2:   layout_gridlike, elwin_shoals_entry_rocks, amcnicky_mini_pool_medium,
          serial_bayou_shore_a, lemuel_fruit_fields, lemuel_fruit_fields
Lair:3:   layout_roguey, minmay_snake_entry_guardpost_small, beast_lair_carwin_1
Lair:4:   layout_roguey, slime_entry_1, minivault_26,
          nzn_masters_of_martial_movement
Lair:5:   hellmonk_lair_end_abyssal_woods, layout_cave_shapes,
          grunt_megastairs_4, lemuel_fruit_fields
Shoals:1: layout_shoals, nicolae_shoals_spectral_cove
Shoals:2: layout_shoals, lemuel_altar_in_water
Shoals:3: cheibrodos_shoals_epimethial_gifts, layout_shoals
Shoals:4: shoals_end_grunt_ice, layout_shoals, shoal_ilsuiw,
          nicolae_shoals_goliath_grotto
Snake:1:  onia_ninara_swampy_vault, layout_chambers, serial_shops, shop,
          guppyfry_library_mini, minmay_shop_grove, uniq_aizul
Snake:2:  layout_onion, nicolae_integral_box
Snake:3:  nicolae_snake_shooting_gallery, layout_cave_town
Snake:4:  grunt_snake_rune_spirals, layout_onion, hangedman_feature_mirror
Orc:1:    layout_caves, basic_altar, elves_outpost_lemuel
Orc:2:    kennysheep_orc_mage_school, layout_diamond_mine, serial_shops, shop,
          nicolae_shop_stone, shop

Skill      XL: |  1  2  3  4  5  6  7  8  9 10 11 12 13 14 15 16 17 18 |
---------------+-------------------------------------------------------+-----
Shields        | 3 4 5 6 9 10 | 10.0
Unarmed Combat | 3 4 5 6 7 9 10 13 14 16 17 18 19 20 | 20.8
Throwing       | 1 2 3 4 5 6 8 |  8.0
Fighting       | 3 4 5 6 8 9 10 11 12 13 14 15 | 15.6
Dodging        | 3 |  3.0
Invocations    | 2 4 5 6 8 |  8.9
Armour         | 4 6 8 10 11 12 | 12.8

Action                     |  1- 3 |  4- 6 |  7- 9 | 10-12 | 13-15 | 16-18 | 19-21 || total
---------------------------+-------+-------+-------+-------+-------+-------+-------++-------
  Melee: Unarmed           |    98 |   146 |   350 |   210 |  1576 |  1411 |    32 ||  3823
  Throw: Dart              |       |     9 |     5 |     7 |       |       |       ||    21
         Javelin           |       |       |       |       |     7 |       |       ||     7
         Large rock        |       |       |       |       |    16 |    31 |       ||    47
 Invoke: Heroism           |       |       |       |       |     4 |     9 |       ||    13
         Finesse           |       |       |       |       |     2 |     2 |       ||     4
  Evoke: Wand              |       |       |       |       |       |     2 |       ||     2
    Use: Scroll            |       |     7 |     3 |     3 |     8 |    11 |     1 ||    33
         Potion            |       |       |     1 |     3 |     9 |     5 |     1 ||    19
   Stab: Distracted        |       |     1 |       |       |     1 |     1 |       ||     3
         Invisible         |       |       |       |       |       |    21 |     3 ||    24
 Armour: Robe              |    27 |    41 |   113 |    95 |    13 |       |       ||   289
         Acid dragon scale |       |       |       |       |   482 |    29 |       ||   511
         Skin              |       |       |       |       |     1 |       |       ||     1
         Fire dragon scale |       |       |       |       |       |   452 |    52 ||   504
         Ice dragon scales |       |       |       |       |       |     5 |       ||     5
  Dodge: Dodged            |    26 |    49 |   124 |    66 |   595 |   581 |    57 ||  1498
  Block: Kite shield       |    29 |    44 |   183 |    81 |   875 |  1166 |    77 ||  2455

Table legend: (Time is in decaauts)
 A = Elapsed time spent in this place.
 B = Non-inter-level travel time spent in this place.
 C = Inter-level travel time spent in this place.
 D = Time resting spent in this place.
 E = Time spent auto-exploring this place.
 F = Levels seen in this place.
 G = Mean time per level.
                   A        B        C        D        E       F      G
               +--------+--------+--------+--------+--------+-----+--------+
         Total |  33478 |  30658 |   2820 |   3984 |  18517 |  36 |  929.9 |
       Dungeon |  16640 |  14799 |   1841 |   1319 |   9691 |  15 | 1109.3 |
        Temple |     35 |      5 |     30 |      0 |      0 |   1 |   35.0 |
          Lair |   4960 |   4432 |    528 |    502 |   3013 |   5 |  992.0 |
        Shoals |   4461 |   4207 |    254 |    735 |   2168 |   4 | 1115.2 |
     Snake Pit |   3585 |   3507 |     78 |    654 |   1995 |   4 |  896.2 |
  Orcish Mines |   2169 |   2082 |     87 |    553 |   1070 |   2 | 1084.5 |
         Abyss |    321 |    321 |      0 |     25 |     14 |   3 |  107.0 |
        Bailey |    371 |    371 |      0 |     74 |     79 |   1 |  371.0 |
      Ice Cave |    933 |    933 |      0 |    122 |    487 |   1 |  933.0 |
               +--------+--------+--------+--------+--------+-----+--------+

Top non-repeatable levels by time:
Shoals:4: 1998 daAuts
 Snake:1: 1740 daAuts
   Orc:2: 1632 daAuts
     D:5: 1611 daAuts
     D:7: 1441 daAuts
  Lair:5: 1420 daAuts
     D:8: 1378 daAuts
     D:4: 1341 daAuts
    D:14: 1166 daAuts
     D:3: 1162 daAuts
    D:13: 1152 daAuts
     D:6: 1147 daAuts
     D:9: 1130 daAuts
  Lair:3: 954 daAuts
  Lair:1: 953 daAuts
